cohdb
Replays
Latest Replays
All Replays
Popular Replays
Top Player Replays
Match Explorer
How It Works
Community
CoH3 Stats
Reddit
Sign in to upload your games and track your stats! →
Sign in with Steam
Match 41104109
Unlisted
Match 41104109
Overview
Messages
Build Orders
End
Construct Infanterie Kompanie
Pioneer Squad
Selects Terror Battlegroup
Selects Machine Gun Camouflage
Grenadier Squad
MG 42 Machine Gun Team
Grenadier Squad
Selects Contempt for the Weak
Construct Panzergrenadier Kompanie
Panzergrenadier Squad
Panzergrenadier Squad
Support Elements
Pak 40 Anti-tank Gun Team
Nebelwerfer 42 Rocket Launcher Team
Nebelwerfer 42 Rocket Launcher Team
StuG III G Assault Gun
Selects Propaganda Leaflet Drop
Panzergrenadier Squad
Propaganda Leaflet Drop
Propaganda Leaflet Drop
StuG III G Assault Gun
Selects Defend the Fatherland
Panzergrenadier Squad
StuG III G Assault Gun
BigTiddyLebron
kreumat
Machinasous
steakiller
0
0
Comments
sign in to comment!
No comments posted yet!